[Event "*** Titled Tuesday Blitz"]
[Site "Chess.com"]
[Date "2021.02.09"]
[Round "5"]
[White "stasiek18"]
[Black "Kale36"]
[Result "1-0"]
[WhiteElo "2385"]
[BlackElo "2244"]
[TimeControl "180+1"]
[EndTime "10:54:22 PST"]
[Termination "stasiek18 won by resignation"]

1. e4 Nc6 2. a3 e5 3. Nc3 Bc5 4. Bc4 Nf6 5. d3 h6 6. Nf3 d6 7. Na4 Bg4 8. c3 a6 9. Nxc5 dxc5 10. h3 Bh5 11. g4 Bg6 12. Nh4 b5 13. Ba2 c4 14.
Nxg6 fxg6 15. dxc4 Qxd1+ 16. Kxd1 Nxe4 17. Ke2 O-O 18. Be3 Kh7 19. cxb5 axb5 20. Bd5 Nxc3+ 21. bxc3 Ra6 22.
Be4 Na5 23. h4 Nc4 24. h5 Nxe3 25. fxe3 1-0

[Event "*** Titled Tuesday Blitz"]
[Site "Chess.com"]
[Date "2021.02.09"]
[Round "5"]
[White "KyronGriffith"]
[Black "EugeneRougon"]
[Result "0-1"]
[WhiteElo "2506"]
[BlackElo "2709"]
[TimeControl "180+1"]
[EndTime "10:54:26 PST"]
[Termination "EugeneRougon won by resignation"]

1. e4 e6 2. d4 d5 3. Nd2 c5 4. Ngf3 cxd4 5. exd5 Qxd5 6. Bc4 Qd6 7. O-O Nf6 8. Re1 Nc6 9. Ne4 Nxe4 10. Rxe4 Be7 11. Bf4 Qc5 12. Bd3 Bf6 13. a3 a5 14.
Qe2 O-O 15. Ne5 Nxe5 16. Bxe5 Bxe5 17. Rxe5 Qb6 18. Rb5 Qd6 19. Rd1 Bd7 20. Rxb7 Bc6 21. Rb6 Qc5 22. Rxc6 Qxc6 23. Be4 Qc5 24. Bxa8 Rxa8 25.
Qd3 e5 26. Qe4 Rb8 27. b3 f6 28. a4 Rc8 29. Rd2 Qc3 30. Qe2 e4 31. Qxe4 Qa1+ 0-1

[Event "*** Titled Tuesday Blitz"]
[Site "Chess.com"]
[Date "2021.02.09"]
[Round "5"]
[White "AsaHoffmann"]
[Black "paulrusan"]
[Result "0-1"]
[WhiteElo "2377"]
[BlackElo "2243"]
[TimeControl "180+1"]
[EndTime "10:54:27 PST"]
[Termination "paulrusan won by checkmate"]

1. d4 Nf6 2. Bg5 Ne4 3. Bf4 c5 4. f3 Qa5+ 5. c3 Nf6 6. d5 e6 7. e4 exd5 8. exd5 Qb6 9. Qe2+ Kd8 10. c4 Bd6 11. Bxd6 Qxd6 12. Kf2 Re8 13. Qd2 Qe5 14. Nc3 d6 15. Bd3 Bf5 16. Nge2 Nbd7 17. Rae1 Bxd3 18. Qxd3 Qg5 19. h4 Ne5 20. Qc2 Neg4+ 21. Kg3 Qe5+ 22. Nf4 Nh5+ 23. Kxg4 Qxf4+ 24. Kxh5 g6+ 25. Qxg6 hxg6# 0-1

[Event "*** Titled Tuesday Blitz"]
[Site "Chess.com"]
[Date "2021.02.09"]
[Round "5"]
[White "LubovMarkelova"]
[Black "djano"]
[Result "0-1"]
[WhiteElo "2251"]
[BlackElo "2477"]
[TimeControl "180+1"]
[EndTime "10:54:29 PST"]
[Termination "djano won by resignation"]

1. d4 Nf6 2. Nf3 g6 3. c4 Bg7 4. Nc3 O-O 5. e4 d6 6. Be2 c5 7. d5 e6 8. h3 exd5 9. cxd5 Re8 10. Bg5 Qb6 11. Qc2 Na6 12. a3 c4 13. Bxf6 Bxf6 14. Nd2 Nc5 15. Nxc4 Qc7 16. O-O-O Bxc3 17. Qxc3 Nxe4 18. Qc2 Nxf2 0-1

[Event "*** Titled Tuesday Blitz"]
[Site "Chess.com"]
[Date "2021.02.09"]
[Round "5"]
[White "Sokoloco"]
[Black "miredenizdogan"]
[Result "1-0"]
[WhiteElo "2477"]
[BlackElo "2249"]
[TimeControl "180+1"]
[EndTime "10:54:41 PST"]
[Termination "Sokoloco won by resignation"]

1. b3 c5 2. Bb2 d5 3. e3 Nc6 4.
Bb5 Qb6 5. Bxc6+ Qxc6 6. f4 Nf6 7. Nf3 Bg4 8. O-O e6 9. d3 Be7 10.
Nbd2 h5 11. h3 Bf5 12. Ne5 Qc7 13. g4 hxg4 14. hxg4 Bh7 15. g5 Nd7 16. Ndf3 f6 17. Nxd7 Kxd7 18. c4 fxg5 19. Ne5+ Kc8 20. cxd5 exd5 21.
Qg4+ Kb8 22. Nd7+ Kc8 23. Nxc5+ Kb8 24. Be5 Bd6 25. Nd7+ Kc8 26. Rac1 Bxe5 27. Nxe5+ 1-0

[Event "*** Titled Tuesday Blitz"]
[Site "Chess.com"]
[Date "2021.02.09"]
[Round "5"]
[White "HrvojeZagreb"]
[Black "Orest_Vovk"]
[Result "0-1"]
[WhiteElo "2216"]
[BlackElo "2414"]
[TimeControl "180+1"]
[EndTime "10:54:42 PST"]
[Termination "Orest_Vovk won by resignation"]

1. d4 d5 2. Bf4 Bf5 3. e3 e6 4. Nf3 Bd6 5. Bg3 Bxg3 6. hxg3 Nf6 7. Nbd2 O-O 8. c4 c6 9. Qb3 Qb6 10. c5 Qxb3 11. axb3 a6 12. b4 Nbd7 13. Nb3 Rac8 14. Na5 Rc7 15. Ne5 Nxe5 16. dxe5 Nd7 17. f4 f6 18.
exf6 Rxf6 19. Kd2 e5 20. Bd3 Bxd3 21. Kxd3 Rg6 22. Rh3 exf4 23. exf4 Nf6 24. Re1 Ne4 25.
Rxe4 dxe4+ 26. Kxe4 Re6+ 27. Kf3 Rd7 28. Rh5 Rd3+ 29.
Kg4 Rg6+ 30. Kf5 0-1

[Event "*** Titled Tuesday Blitz"]
[Site "Chess.com"]
[Date "2021.02.09"]
[Round "5"]
[White "Reader777"]
[Black "Alindsay211"]
[Result "1/2-1/2"]
[WhiteElo "2803"]
[BlackElo "2428"]
[TimeControl "180+1"]
[EndTime "10:54:47 PST"]
[Termination "Game drawn by agreement"]

1. d4 d5 2. c4 e6 3. Nc3 Nf6 4. cxd5 exd5 5. Bg5 Be7 6. e3 O-O 7. Bd3 c6 8. Qc2 Nbd7 9. Nge2 h6 10. Bf4 b5 11. h3 a5 12. O-O Ba6 13. Rac1 b4 14.
Na4 Bxd3 15. Qxd3 Nb6 16. Nxb6 Qxb6 17. Qc2 Rac8 18. Qa4 Rfd8 19. Rc2 Nd7 20. Rfc1 c5 21. Rd2 c4 22. Bg3 Bf6 23. Nf4 Nf8 24. a3 b3 25. f3 1/2-1/2

[Event "*** Titled Tuesday Blitz"]
[Site "Chess.com"]
[Date "2021.02.09"]
[Round "5"]
[White "BigAl"]
[Black "theultimatehunter"]
[Result "1-0"]
[WhiteElo "2473"]
[BlackElo "2232"]
[TimeControl "180+1"]
[EndTime "10:54:50 PST"]
[Termination "BigAl won by resignation"]

1. Nf3 d5 2. g3 Nf6 3. Bg2 Bf5 4. O-O c6 5. d3 e6 6. c4 h6 7. Be3 Be7 8. Qb3 Qc8 9. Nc3 O-O 10. cxd5 exd5 11. Rac1 Nbd7 12. Nd4 Bg6 13. Nxd5 Nxd5 14. Bxd5 Nc5 15. Nxc6 bxc6 16. Bxc5 Rb8 17. Qa3 Bxc5 18.
Rxc5 Qb7 19. Rxc6 Qxb2 20. Qxb2 Rxb2 21. Rxg6 1-0

[Event "*** Titled Tuesday Blitz"]
[Site "Chess.com"]
[Date "2021.02.09"]
[Round "5"]
[White "banane_verte"]
[Black "IwkooO"]
[Result "0-1"]
[WhiteElo "2436"]
[BlackElo "2744"]
[TimeControl "180+1"]
[EndTime "10:54:51 PST"]
[Termination "IwkooO won by resignation"]

1. e4 c5 2. Nc3 e6 3. g3 d5 4. exd5 exd5 5. d4 cxd4 6. Qxd4 Nf6 7. Bg5 Be7 8. Bg2 Nc6 9. Qa4 O-O 10.
O-O-O Qb6 11. Be3 d4 12. Bxd4 Nxd4 13. Qxd4 Bc5 14. Qh4 Bxf2 15. Nge2 Bg4 16. Rhf1 Qe3+ 17. Rd2 Rad8 18. Rd1 Rxd2 19. Rxd2 Be1 20. Nb1 Bxe2 0-1

[Event "*** Titled Tuesday Blitz"]
[Site "Chess.com"]
[Date "2021.02.09"]
[Round "5"]
[White "Walter_White_Poland"]
[Black "reniite"]
[Result "1-0"]
[WhiteElo "2290"]
[BlackElo "2003"]
[TimeControl "180+1"]
[EndTime "10:54:52 PST"]
[Termination "Walter_White_Poland won by resignation"]

1. e4 e5 2. Nf3 Nf6 3. Nxe5 d6 4. Nf3 Nxe4 5. d4 d5 6. Bd3 Bd6 7. c4 Bb4+ 8. Nbd2 Nxd2 9. Bxd2 Bxd2+ 10. Qxd2 dxc4 11.
Bxc4 O-O 12. O-O Bg4 13. Ne5 Bh5 14. g4 Bg6 15. f4 Be4 16. f5 c5 17. Rae1 Bc6 18.
d5 b5 19. f6 bxc4 20. Qg5 Qxf6 21. Rxf6 Bxd5 1-0

[Event "*** Titled Tuesday Blitz"]
[Site "Chess.com"]
[Date "2021.02.09"]
[Round "5"]
[White "francyIM"]
[Black "AlexOstrovskiy"]
[Result "0-1"]
[WhiteElo "2567"]
[BlackElo "2768"]
[TimeControl "180+1"]
[EndTime "10:55:00 PST"]
[Termination "AlexOstrovskiy won by resignation"]

1. d4 Nf6 2. c4 e5 3. dxe5 Ng4 4.
e3 Nxe5 5. f4 Nec6 6. Nc3 g6 7.
Bd3 Bg7 8. Nge2 O-O 9. O-O d6 10. Ng3 Na6 11. a3 Nc5 12. Bc2 a5 13. Nd5 Ne7 14.
Rb1 a4 15. Bd2 c6 16. Nc3 Be6 17. Qe2 f5 18. e4 Qd7 19. Rbe1 Rae8 20. Kh1 fxe4 21. Ngxe4 Nxe4 22. Bxe4 Nf5 23. Qd3 Qf7 24. Bxf5 Bxf5 25. Qxd6 Rd8 26. Qd7 0-1

[Event "*** Titled Tuesday Blitz"]
[Site "Chess.com"]
[Date "2021.02.09"]
[Round "5"]
[White "Agibileg"]
[Black "dpopadic"]
[Result "1-0"]
[WhiteElo "2504"]
[BlackElo "2331"]
[TimeControl "180+1"]
[EndTime "10:55:06 PST"]
[Termination "Agibileg won by resignation"]

1. d4 Nf6 2. c4 g6 3. Nc3 Bg7 4.
e4 d6 5. Be2 O-O 6. Nf3 e5 7.
O-O Na6 8. Be3 Ng4 9. Bg5 Qe8 10. dxe5 dxe5 11. h3 f6 12. Bd2 Nh6 13. c5 Nxc5 14.
Qc1 Nf7 15. Nd5 Ne6 16. Nxc7 Nxc7 17. Qxc7 Nd8 18. Be3 Ne6 19. Qc2 Bd7 20. Rfd1 Qe7 21. Qb3 Bc6 22. Bc4 Rfe8 23. Bd5 Kh8 24. Rac1 Nf4 25. Bxf4 exf4 26. Bxc6 bxc6 27. Rxc6 Qxe4 28. Rc7 Re7 29. Rdd7 Rxd7 30. Rxd7 a5 31. Qf7 Rg8 32. Re7 Qb1+ 33. Re1 Qxb2 34. Re8 1-0

[Event "*** Titled Tuesday Blitz"]
[Site "Chess.com"]
[Date "2021.02.09"]
[Round "5"]
[White "ZivkovicN"]
[Black "paladin_ll"]
[Result "1-0"]
[WhiteElo "2463"]
[BlackElo "2158"]
[TimeControl "180+1"]
[EndTime "10:55:06 PST"]
[Termination "ZivkovicN won by resignation"]

1. c4 Nf6 2. Nf3 c5 3. g3 Nc6 4. Bg2 g6 5. Nc3 Bg7 6. O-O O-O 7. d3 d5 8. cxd5 Nxd5 9. Bd2 b6 10. Rc1 Bb7 11.
a3 Rc8 12. Nxd5 Qxd5 13. Bc3 Nd4 14. Bxd4 Bxd4 15. Qc2 Rfd8 16. Rfd1 Qd7 17. Nd2 Bxg2 18. Kxg2 Bf6 19. Nf3 h5 20. h3 Kg7 21. b3 Qe6 22.
Qc4 Qxc4 23. bxc4 Bb2 24. Rc2 Bxa3 25. Ra1 Bb4 26. Rxa7 Ra8 27. Rxe7 Ra1 28. h4 Kf6 29. Rb7 Rd6 30. Ng5 Rc6 31. Rxf7+ Ke5 32. f4+ Kd6 33. Rg7 Rc8 34. Ne4+ Kc6 35. Rxg6+ Kb7 36. Nd6+ 1-0

[Event "*** Titled Tuesday Blitz"]
[Site "Chess.com"]
[Date "2021.02.09"]
[Round "5"]
[White "Smile2005"]
[Black "Srisshhhtea"]
[Result "0-1"]
[WhiteElo "2332"]
[BlackElo "2509"]
[TimeControl "180+1"]
[EndTime "10:55:11 PST"]
[Termination "Srisshhhtea won by resignation"]

1. Nf3 Nf6 2. g3 e6 3. Bg2 d5 4. O-O Be7 5. d3 O-O 6. Nbd2 c5 7. e4 Nc6 8. e5 Nd7 9. Re1 Qc7 10. Qe2 Nd4 11.
Nxd4 cxd4 12. Nf3 Qb6 13. Rb1 a5 14. Bf4 a4 15. h4 Rd8 16. Kh2 Nf8 17. Rh1 Bd7 18.
Ng5 h6 19. Qh5 Be8 20. Qg4 Rdc8 21. Nf3 Ng6 22. Bxh6 gxh6 23. h5 Bf8 24. hxg6 fxg6 25. Nxd4 Bf7 26. Kg1 Bg7 27. c3 Rxc3 28. Bxd5 exd5 29.
Kg2 Rc7 30. e6 Qxd4 31. exf7+ Rxf7 32. Qxd4 Bxd4 33. f4 Kg7 0-1

[Event "*** Titled Tuesday Blitz"]
[Site "Chess.com"]
[Date "2021.02.09"]
[Round "5"]
[White "kuban1991"]
[Black "Rozum_Ivan"]
[Result "1-0"]
[WhiteElo "2901"]
[BlackElo "2735"]
[TimeControl "180+1"]
[EndTime "10:55:12 PST"]
[Termination "kuban1991 won by resignation"]

1. Nf3 g6 2. e4 Bg7 3. d4 d6 4.
Nc3 Nf6 5. Bg5 O-O 6. Qd2 Bg4 7. O-O-O Bxf3 8. gxf3 Nc6 9. h4 e5 10. dxe5 Nxe5 11.
Be2 Qd7 12. Bh6 Rfe8 13. Rdg1 Bh8 14. h5 Qe6 15. hxg6 fxg6 16. f4 Nc4 17. Bxc4 Qxc4 18. f3 b5 19. f5 b4 20. Nb1 Kf7 21. b3 Qb5 22. fxg6+ hxg6 23. Bg5 Re5 24. Bxf6 Bxf6 25. Rh7+ Bg7 26. Qh6 Rg8 27. Qxg6+ Kf8 28. Rxg7 1-0

[Event "*** Titled Tuesday Blitz"]
[Site "Chess.com"]
[Date "2021.02.09"]
[Round "5"]
[White "JoachimMouhamad"]
[Black "Anurag328"]
[Result "0-1"]
[WhiteElo "2391"]
[BlackElo "2653"]
[TimeControl "180+1"]
[EndTime "10:55:14 PST"]
[Termination "Anurag328 won by resignation"]

1. e4 g6 2. d4 Bg7 3. Be3 e6 4. Nc3 Ne7 5. Nf3 d6 6. Qd2 h6 7. e5 Nf5 8. Bf4 Nc6 9. Bb5 Bd7 10. exd6 Nxd6 11. Be2 g5 12. Be3 Nf5 13. O-O-O g4 14. Ne5 Nxe3 15. Qxe3 h5 16. h3 Bh6 0-1

[Event "*** Titled Tuesday Blitz"]
[Site "Chess.com"]
[Date "2021.02.09"]
[Round "5"]
[White "andrzej"]
[Black "johnathan113"]
[Result "0-1"]
[WhiteElo "2334"]
[BlackElo "2612"]
[TimeControl "180+1"]
[EndTime "10:55:15 PST"]
[Termination "johnathan113 won by resignation"]

1. e4 c5 2. Nc3 g6 3. d4 cxd4 4. Qxd4 Nf6 5. e5 Nc6 6. Qf4 Nh5 7. Qe3 Bg7 8. g4 d5 9. exd6 Bxg4 10. dxe7 Nxe7 11. Be2 Bxe2 12. Ngxe2 O-O 13. Bd2 Nf5 14. Qd3 Qxd3 15. cxd3 Rad8 16. Ng3 Nhxg3 17. hxg3 Rxd3 18. O-O-O Rfd8 19. Bf4 Bxc3 20. Rxd3 Rxd3 21. bxc3 Rxc3+ 22. Kb2 Rf3 23. Rd1 Rxf2+ 24. Kb3 h5 25. Rd8+ Kg7 26.
Be5+ Kh6 27. Rd7 Nxg3 28. Rxb7 h4 29. Rxa7 h3 30. Bxg3 Rf3+ 31. Kc4 Rxg3 32. Rxf7 h2 33. Rf8 Kg7 34. Rf1 Rg1 0-1

[Event "*** Titled Tuesday Blitz"]
[Site "Chess.com"]
[Date "2021.02.09"]
[Round "5"]
[White "Guzman70"]
[Black "xberli"]
[Result "0-1"]
[WhiteElo "2250"]
[BlackElo "2456"]
[TimeControl "180+1"]
[EndTime "10:55:17 PST"]
[Termination "xberli won by resignation"]

1. d4 Nf6 2. Bf4 e6 3. e3 Be7 4. Nf3 O-O 5. c4 d5 6. Nc3 Re8 7. Bd3 dxc4 8. Bxc4 Nd5 9. Bg3 c5 10. O-O Nxc3 11. bxc3 Nd7 12. Qd3 Bf6 13. Rad1 Qa5 14.
Ne5 Nxe5 15. dxe5 Be7 16. Rb1 b6 17. Qe4 Rb8 18. Bd3 g6 19. h4 Ba6 20. Bxa6 Qxa6 21.
h5 Red8 22. Bh4 Qb7 23. Bf6 0-1

[Event "*** Titled Tuesday Blitz"]
[Site "Chess.com"]
[Date "2021.02.09"]
[Round "5"]
[White "chesslh19"]
[Black "alejogarcia1999"]
[Result "0-1"]
[WhiteElo "2242"]
[BlackElo "2442"]
[TimeControl "180+1"]
[EndTime "10:55:18 PST"]
[Termination "alejogarcia1999 won by resignation"]

1. e4 c5 2. Nf3 e6 3. d4 cxd4 4. Nxd4 Nc6 5. Nc3 Nf6 6. Ndb5 d6 7. Bf4 e5 8. Bg5 a6 9. Na3 b5 10. Nd5 Be7 11. Bxf6 Bxf6 12. c3 Bg5 13. Nc2 Rb8 14. Bd3 O-O 15. O-O a5 16. Qe2 b4 17. Bb5 Ne7 18.
Nxe7+ Qxe7 19. Bc4 bxc3 20. bxc3 Qc7 21. Qd3 Be6 22.
Bxe6 fxe6 23. Rab1 Rxb1 24. Rxb1 Qc5 25. Ne3 Bxe3 26. Qxe3 Rc8 27. Qxc5 Rxc5 28. Rb3 a4 29. Ra3 Rc4 30. f3 d5 31. exd5 exd5 32. Kf2 Kf7 33.
Ke3 g5 34. Kd3 Kf6 35. Ke3 Kf5 36. g3 h5 37. Kd3 g4 38. Ke3 gxf3 39. Kxf3 e4+ 40.
Ke3 Kg4 41. Kf2 Kh3 42. Kg1 e3 43. Kf1 Kxh2 44. Ke2 Kxg3 45. Kxe3 h4 46. Ke2 h3 47. Kf1 h2 0-1

[Event "*** Titled Tuesday Blitz"]
[Site "Chess.com"]
[Date "2021.02.09"]
[Round "5"]
[White "bugsbunny444"]
[Black "DrVelja"]
[Result "0-1"]
[WhiteElo "2594"]
[BlackElo "2832"]
[TimeControl "180+1"]
[EndTime "10:55:20 PST"]
[Termination "DrVelja won by resignation"]

1. Nf3 Nf6 2. c4 g6 3. b4 Bg7 4.
Bb2 O-O 5. g3 d6 6. Bg2 e5 7.
O-O e4 8. Nd4 c5 9. bxc5 dxc5 10.
Nb3 Nbd7 11. Nc3 Re8 12. d3 e3 13. f4 Ng4 14. Qc2 a5 15. a4 Ra6 16. Nd5 Ngf6 17. Nxf6+ Bxf6 18. Rab1 Rd6 19. Bxf6 Rxf6 20. Nc1 b6 21.
Na2 Rd6 22. Nc3 Nf6 23. Rb3 h5 24. Rfb1 h4 25. Nd5 h3 26. Bf3 Nxd5 27. Bxd5 Rxd5 0-1

[Event "*** Titled Tuesday Blitz"]
[Site "Chess.com"]
[Date "2021.02.09"]
[Round "5"]
[White "onetowin"]
[Black "BJthechessgod"]
[Result "1-0"]
[WhiteElo "2028"]
[BlackElo "2275"]
[TimeControl "180+1"]
[EndTime "10:55:22 PST"]
[Termination "onetowin won by resignation"]

1. d4 Nf6 2. Nc3 e6 3. Bf4 b6 4. e4 Bb7 5. Bd3 Bb4 6. f3 Nh5 7. Be3 d5 8. exd5 Bxd5 9. Ne2 O-O 10. O-O Bb7 11. a3 Bd6 12. Ne4 Be7 13. N2g3 Nxg3 14. Nxg3 Bf6 15. c3 Nd7 16. Qc2 h6 17.
Ne4 Be7 18. Qd2 e5 19. Bxh6 gxh6 20. Qxh6 Bxe4 21. Bxe4 f5 22. Bd5+ Rf7 23. Qg6+ Kh8 24. Bxf7 Nf6 25. Qh6+ Nh7 26. Bg6 Qg8 27. Bxf5 1-0

[Event "*** Titled Tuesday Blitz"]
[Site "Chess.com"]
[Date "2021.02.09"]
[Round "5"]
[White "GMBenjaminBok"]
[Black "FMKonstantin_Twitch"]
[Result "1-0"]
[WhiteElo "2993"]
[BlackElo "2622"]
[TimeControl "180+1"]
[EndTime "10:55:26 PST"]
[Termination "GMBenjaminBok won by resignation"]

1. d4 Nf6 2. c4 e6 3. Nc3 Bb4 4. Qc2 O-O 5. e4 c5 6. e5 cxd4 7. a3 dxc3 8. axb4 Ng4 9. Nf3 Nc6 10. Qxc3 Qb6 11. c5 Qxb4 12. Qxb4 Nxb4 13. Ra4 a5 14. Bd2 Nc2+ 15. Ke2 f5 16. exf6 Nxf6 17. Kd1 1-0

[Event "*** Titled Tuesday Blitz"]
[Site "Chess.com"]
[Date "2021.02.09"]
[Round "5"]
[White "VMikhalevski"]
[Black "Mikasinski"]
[Result "1-0"]
[WhiteElo "2701"]
[BlackElo "2481"]
[TimeControl "180+1"]
[EndTime "10:55:28 PST"]
[Termination "VMikhalevski won by checkmate"]

1. d4 Nf6 2. Nf3 g6 3. g3 Bg7 4. Bg2 O-O 5. O-O d6 6. b3 e5 7.
dxe5 dxe5 8. Ba3 Re8 9. Qxd8 Rxd8 10. Nc3 Nc6 11. Rad1 Bf5 12. Nh4 Bxc2 13. Rc1 Bf5 14. Nxf5 gxf5 15. Bxc6 bxc6 16. Rc2 Bf8 17. Bxf8 Kxf8 18.
Na4 Ne8 19. Rfc1 Rd6 20. Kf1 Rad8 21. Ke1 Ke7 22. Rxc6 Rd2 23. R6c2 Rxc2 24. Rxc2 Rd6 25. Rc5 f6 26. Ra5 a6 27. Nc5 Rd5 28. b4 Nd6 29.
Rxa6 Nc4 30. Re6+ Kf7 31. Rc6 Nb2 32. Rxc7+ Kg6 33. f4 Rd1+ 34. Kf2 e4 35. Ne6 Ra1 36. Nf8+ Kh5 37. Rxh7+ Kg4 38. h3# 1-0

[Event "*** Titled Tuesday Blitz"]
[Site "Chess.com"]
[Date "2021.02.09"]
[Round "5"]
[White "zurzan"]
[Black "Kaliopa"]
[Result "0-1"]
[WhiteElo "1992"]
[BlackElo "2183"]
[TimeControl "180+1"]
[EndTime "10:55:30 PST"]
[Termination "Kaliopa won by resignation"]

1. f4 c5 2. Nf3 Nc6 3. g3 g6 4. Bg2 Bg7 5. O-O e6 6. d3 Nge7 7. e4 O-O 8. c3 d5 9. e5 b5 10. Be3 c4 11. d4 a5 12. Nbd2 b4 13. a3 bxc3 14. bxc3 Rb8 15. Rb1 Bd7 16. Rxb8 Qxb8 17. Qc2 Qa7 18. Rb1 Rb8 19. Rxb8+ Qxb8 20. h3 Bf8 21. Bf1 Nf5 22. Bf2 Bxa3 23. g4 Ng7 24. Nxc4 dxc4 25. Bxc4 Ne7 26. Nh4 Qb2 27. Qd3 Bc6 28. Nf3 Qc1+ 29. Kg2 Bb2 30. Be3 Qxc3 31. Qxc3 Bxc3 32. Kf2 a4 33. Nd2 Bxd2 34. Bxd2 Bd5 35. Bb5 Bb3 36. Bb4 Nd5 37. Bc5 Nc3 38. Bd3 h5 39.
Bb4 Nd5 40. Bd2 hxg4 41. hxg4 a3 42. Be4 a2 0-1

[Event "*** Titled Tuesday Blitz"]
[Site "Chess.com"]
[Date "2021.02.09"]
[Round "5"]
[White "lucachess49"]
[Black "Aisen1011"]
[Result "1-0"]
[WhiteElo "2331"]
[BlackElo "2123"]
[TimeControl "180+1"]
[EndTime "10:55:36 PST"]
[Termination "lucachess49 won on time"]

1. d4 d5 2. c4 c6 3. Nc3 Nf6 4. e3 Bd7 5. Nf3 g6 6. Be2 Bg7 7. O-O O-O 8. b4 dxc4 9. Bxc4 Bg4 10. h3 Bxf3 11. Qxf3 Nbd7 12. a4 e5 13. b5 exd4 14.
exd4 Qb6 15. Rd1 c5 16. a5 Qc7 17. Bf4 Qc8 18. d5 Nh5 19. Bh2 Ne5 20. Bxe5 Bf6 21.
Bxf6 1-0

[Event "*** Titled Tuesday Blitz"]
[Site "Chess.com"]
[Date "2021.02.09"]
[Round "5"]
[White "CraiggoryC"]
[Black "canary2016"]
[Result "1-0"]
[WhiteElo "2181"]
[BlackElo "1988"]
[TimeControl "180+1"]
[EndTime "10:55:38 PST"]
[Termination "CraiggoryC won by checkmate"]

1. e4 e5 2. Nf3 Nf6 3. Nxe5 d6 4. Nf3 Nxe4 5. Nc3 Nxc3 6. dxc3 Be7 7. Be3 O-O 8. Qd2 Nd7 9. O-O-O Nf6 10. Bd3 c5 11. Kb1 Be6 12. Ng5 a6 13. h4 c4 14. Nxe6 fxe6 15.
Bxc4 d5 16. Bd3 b5 17. f3 Rb8 18. g4 Nd7 19. Bf4 Rb7 20. g5 e5 21. Bh2 Rxf3 22.
Be4 dxe4 23. Qd5+ Kh8 24. Qxb7 e3 25. Qxf3 Qe8 26. Qxe3 Bc5 27. Qe4 Nb6 28. Qxe5 Qc8 29. Qb8 Qxb8 30. Bxb8 Nc4 31. Rd8+ Bf8 32. Rxf8# 1-0

[Event "*** Titled Tuesday Blitz"]
[Site "Chess.com"]
[Date "2021.02.09"]
[Round "5"]
[White "Sjakkerntobi"]
[Black "Volodar_Murzin"]
[Result "0-1"]
[WhiteElo "2305"]
[BlackElo "2613"]
[TimeControl "180+1"]
[EndTime "10:55:42 PST"]
[Termination "Volodar_Murzin won by resignation"]

1. e4 c5 2. Nf3 d6 3. d4 cxd4 4. Qxd4 a6 5. c4 Nc6 6. Qd2 Bg4 7. Nd4 Nf6 8. f3 Bd7 9. b3 g6 10. Bb2 Bg7 11. Be2 O-O 12. O-O Qb6 13. Kh1 Nxe4 14.
fxe4 Nxd4 15. Nc3 e6 16. Rad1 Rad8 17. Qe3 Qc5 18. Ba1 Nxb3 19. Qxc5 Nxc5 20. Rxd6 Bc6 21. Rfd1 Rxd6 22. Rxd6 Bxc3 23. Bxc3 Nxe4 24. Rd3 Nf2+ 25. Kg1 Nxd3 26. Bxd3 Rd8 27. Bc2 f5 28. Kf2 Kf7 29. g3 Be4 30. Bxe4 fxe4 31. Bb4 Rd3 32. a3 e5 33. Ke2 Ke6 34. a4 Rd4 35. Bf8 0-1

[Event "*** Titled Tuesday Blitz"]
[Site "Chess.com"]
[Date "2021.02.09"]
[Round "5"]
[White "mr65"]
[Black "NaciSAN"]
[Result "0-1"]
[WhiteElo "2107"]
[BlackElo "2308"]
[TimeControl "180+1"]
[EndTime "10:55:42 PST"]
[Termination "NaciSAN won by resignation"]

1. e4 e6 2. d4 d5 3. Nc3 Bb4 4.
e5 c5 5. a3 Bxc3+ 6. bxc3 Qc7 7. Nf3 Ne7 8. Be2 Nbc6 9. O-O O-O 10. Be3 cxd4 11. cxd4 Nf5 12. Bd3 Bd7 13. Bxf5 exf5 14. Ng5 Be6 15. Qh5 h6 16. Nh3 Qe7 17. Rfe1 Rfc8 18.
Bxh6 Nxd4 19. Bxg7 Kxg7 20. Ng5 Rh8 21. Qd1 Qxg5 22.
Qxd4 Rh4 23. Re3 Rxd4 0-1

[Event "*** Titled Tuesday Blitz"]
[Site "Chess.com"]
[Date "2021.02.09"]
[Round "5"]
[White "dropstoneDP"]
[Black "Pertinhez76"]
[Result "1-0"]
[WhiteElo "2967"]
[BlackElo "2015"]
[TimeControl "180+1"]
[EndTime "10:55:44 PST"]
[Termination "dropstoneDP won by resignation"]

1. e4 e6 2. Qe2 c5 3. g3 Nc6 4. c3 d6 5. Bg2 Nf6 6. Nf3 g6 7.
O-O Bg7 8. d4 cxd4 9. cxd4 O-O 10.
Nc3 h6 11. Rd1 Qe7 12. h3 a6 13. b3 Rd8 14. Bb2 Rb8 15. Rac1 Bd7 16. e5 Nd5 17.
Ne4 dxe5 18. dxe5 Qb4 19. Nf6+ Kh8 20. Nxd5 exd5 21. Rxd5 Be6 22. Rdd1 Rxd1+ 23. Rxd1 Qa5 24. Nd4 Qxa2 25. Nxe6 fxe6 26. Qc2 Nxe5 27. Kh1 Rg8 28. Ra1 Qxa1+ 29. Bxa1 Kh7 30. Qc7 Nd3 31. Kg1 Kh8 32. Bxg7+ Rxg7 33. Qd8+ 1-0

[Event "*** Titled Tuesday Blitz"]
[Site "Chess.com"]
[Date "2021.02.09"]
[Round "5"]
[White "seorobert1971"]
[Black "Balla_Tamas"]
[Result "1-0"]
[WhiteElo "2716"]
[BlackElo "2489"]
[TimeControl "180+1"]
[EndTime "10:55:49 PST"]
[Termination "seorobert1971 won by resignation"]

1. Nf3 c5 2. c4 Nc6 3. Nc3 e6 4. g3 g6 5. Bg2 Bg7 6. O-O Nge7 7.
Rb1 O-O 8. a3 d6 9. b4 b6 10.
Qc2 Bb7 11. d3 Qd7 12. Bd2 f5 13. Rfe1 Rac8 14. bxc5 dxc5 15. Rbd1 Rcd8 16. Bf4 e5 17. Bg5 h6 18. Bxe7 Nxe7 19. Nh4 Bxg2 20. Nxg2 g5 21. Ne3 f4 22. Ned5 Nf5 23. e3 fxg3 24. fxg3 h5 25. Ne4 h4 26. Qe2 hxg3 27. hxg3 Nh6 28. Kg2 g4 29. Rf1 Qe6 30. a4 Nf5 31. Qxg4 Rxd5 32. Rxf5 Rxf5 33. cxd5 1-0

[Event "*** Titled Tuesday Blitz"]
[Site "Chess.com"]
[Date "2021.02.09"]
[Round "5"]
[White "chessmadara"]
[Black "Eternauta2400"]
[Result "0-1"]
[WhiteElo "2152"]
[BlackElo "2375"]
[TimeControl "180+1"]
[EndTime "10:55:49 PST"]
[Termination "Eternauta2400 won by resignation"]

1. e4 c5 2. Nf3 Nc6 3. d4 cxd4 4. Nxd4 g6 5. Nc3 Bg7 6. Be3 Nf6 7. f3 O-O 8. Qd2 d6 9. g4 Nd7 10. O-O-O Nxd4 11. Bxd4 Bxd4 12. Qxd4 Qa5 13. h4 Ne5 14. Qe3 Be6 15.
Kb1 Rfc8 16. Nd5 Bxd5 17. Rxd5 Qb6 18. Qf4 a5 19. h5 Qf2 20. Bd3 Qxf3 21. Qc1 Nxg4 22.
hxg6 hxg6 23. b3 Kg7 24. Qb2+ f6 25. e5 Qxh1+ 0-1

[Event "*** Titled Tuesday Blitz"]
[Site "Chess.com"]
[Date "2021.02.09"]
[Round "5"]
[White "GP9isback23"]
[Black "esapunov"]
[Result "0-1"]
[WhiteElo "2533"]
[BlackElo "2731"]
[TimeControl "180+1"]
[EndTime "10:55:52 PST"]
[Termination "esapunov won by resignation"]

1. d4 Nf6 2. Nf3 g6 3. e3 Bg7 4. Be2 O-O 5. O-O d6 6. c4 Nbd7 7. Nc3 e5 8. a3 Re8 9. b4 e4 10. Nd2 h5 11. b5 Nf8 12. a4 Bf5 13. Ba3 Ne6 14. a5 h4 15. Nd5 h3 16. g3 Ng5 17.
Nxf6+ Bxf6 18. Qb3 Qd7 19. Rfc1 Bg4 20. Qd1 Bxe2 21.
Qxe2 Qf5 22. c5 d5 23. Rab1 Be7 24. Bb4 b6 25. cxb6 cxb6 26. Bxe7 Rxe7 27. axb6 axb6 28. Rc2 Rea7 29. Rbc1 Ra2 30. Qd1 Kg7 31. Rxa2 Rxa2 32. Rc2 Nf3+ 33. Nxf3 Qxf3 34. Rd2 0-1